Map: Abyssal Reef LE

Players

PtitDrogo

  • Race: Protoss Protoss
  • Spawn Location: 11:00

MaNa - Winner!

  • Race: Protoss Protoss
  • Spawn Location: 5:00

Event: IEM XI Katowice - World Championship 2017

VOD

Have the link to the VOD?

Description

Time

  • Played on: Feb. 28, 2017, 12:21 p.m.
  • Length: 12:57

All games in this series

Show
View Real Time Build Order
Export as new Build Order

PtitDrogo Protoss 

Build Orders:  

Get SALT Encoding   

  12  0:00  Probe (Chrono Boost)  
  13  0:11  Probe (Chrono Boost)  
  14  0:18  Pylon  
  14  0:22  Probe (Chrono Boost)  
  15  0:36  Probe (Chrono Boost)  
  15  0:37  Gateway  
  15  0:41  Assimilator  
  16  0:46  Probe (Chrono Boost)  
  17  0:57  Probe (Chrono Boost)  
  17  0:58  Assimilator  
  17  1:03  Gateway  
  18  1:08  Probe (Chrono Boost)  
  20  1:18  Probe (Chrono Boost)  
  20  1:23  Cybernetics Core  
  20  1:29  Probe (Chrono Boost)  
  20  1:31  Pylon  
  21  1:39  Probe (Chrono Boost)  
  22  1:46  Warp Gate  
  22  1:50  Probe (Chrono Boost)  
  23  2:00  Stalker x2  
  29  2:08  Mothership Core (Chrono Boost)  
  30  2:31  Probe (Chrono Boost)  
  30  2:39  Pylon  
  30  2:53  Nexus  
  30  2:57  Stalker  
  32  2:58  Stalker  
  34  3:12  Robotics Facility  
  34  3:16  Probe (Chrono Boost)  
  36  3:28  Probe (Chrono Boost)  
  38  3:40  Probe (Chrono Boost)  
  36  3:50  Sentry  
  36  3:53  Probe (Chrono Boost)  
  39  3:58  Pylon  
  39  4:02  Twilight Council  
  39  4:06  Probe x2 (Chrono Boost)  
  39  4:08  Sentry  
  39  4:09  Observer  
  44  4:16  Probe (Chrono Boost)  
  45  4:18  Probe (Chrono Boost)  
  46  4:24  Assimilator  
  46  4:25  Sentry  
  46  4:26  Assimilator  
  46  4:27  Probe (Chrono Boost)  
  46  4:29  Probe (Chrono Boost)  
  50  4:34  Phoenix, Immortal  
  50  4:37  Probe (Chrono Boost)  
  55  4:38  Blink, Pylon  
  55  4:41  Probe (Chrono Boost)  
  56  4:48  Probe (Chrono Boost)  
  58  4:53  Probe (Chrono Boost)  
  58  4:58  Probe (Chrono Boost), Forge  
  59  5:05  Probe (Chrono Boost)  
  60  5:09  Probe (Chrono Boost)  
  60  5:12  Pylon  
  61  5:17  Probe (Chrono Boost)  
  61  5:19  Probe (Chrono Boost)  
  61  5:20  Protoss Ground Weapons Level 1  
  63  5:22  Immortal  
  63  5:23  Phoenix  
  68  5:29  Probe (Chrono Boost)  
  69  5:36  Probe (Chrono Boost)  
  69  5:40  Gateway x2  
  69  5:41  Probe (Chrono Boost)  
  69  5:48  Probe (Chrono Boost)  
  69  5:53  Robotics Bay  
  69  6:00  Immortal  
  71  6:14  Probe x2 (Chrono Boost)  
  74  6:26  Probe (Chrono Boost)  
  74  6:27  Stalker x2  
  74  6:31  Pylon  
  78  6:34  Pylon  
  78  6:43  Pylon  
  78  6:44  Disruptor  
  78  6:50  Nexus  
  78  6:51  Pylon  
  78  6:53  Photon Cannon  
  81  7:00  Protoss Ground Weapons Level 2  
  81  7:01  Sentry  
  81  7:02  Stalker x2  
  81  7:04  Stalker  
  90  7:09  Probe (Chrono Boost)  
  90  7:19  Disruptor, Probe (Chrono Boost)  
  90  7:21  Probe (Chrono Boost)  
  96  7:31  Probe (Chrono Boost)  
  96  7:33  Probe (Chrono Boost)  
  97  7:42  Stalker x4  
  97  7:43  Probe (Chrono Boost)  
  90  7:53  Disruptor  
  73  8:05  Stalker x4  
  78  8:13  Probe (Chrono Boost)  
  78  8:15  Probe (Chrono Boost)  
  79  8:23  Probe (Chrono Boost)  
  79  8:24  Disruptor  
  79  8:25  Probe (Chrono Boost)  
  80  8:28  Probe (Chrono Boost)  
  80  8:33  Assimilator x2, Probe (Chrono Boost)  
  84  8:34  Adept  
  84  8:35  Adept  
  84  8:37  Probe (Chrono Boost)  
  84  8:38  Sentry  
  84  8:40  Stargate  
  91  8:46  Probe (Chrono Boost)  
  91  8:47  Mothership Core (Chrono Boost)  
  95  8:49  Probe (Chrono Boost)  
  95  8:56  Probe (Chrono Boost)  
  95  8:59  Robotics Facility  
  95  9:02  Disruptor  
  89  9:33  Disruptor, Stalker x4  
  100  9:38  Pylon  
  100  9:39  Pylon  
  100  9:42  Oracle  
  100  9:43  Gateway  
  103  9:45  Disruptor  
  103  9:50  Probe (Chrono Boost)  
  103  9:51  Probe (Chrono Boost)  
  103  9:52  Probe (Chrono Boost)  
  109  9:55  Nexus  
  109  9:56  Pylon  
  109  10:04  Disruptor  
  109  10:09  Zealot  
  109  10:10  Stalker x3  
  120  10:18  Disruptor  
  123  10:35  Disruptor  
  123  10:36  Stalker x4  
  123  10:39  Gateway  
  123  10:42  Gateway  
  104  11:01  Disruptor  
  102  11:04  Stalker x4  
  92  11:19  Disruptor  
  95  11:32  Disruptor, Probe (Chrono Boost)  
  98  11:33  Probe (Chrono Boost)  
  98  11:34  Probe (Chrono Boost)  
  98  11:35  Photon Cannon  
  100  11:44  Probe (Chrono Boost), Stalker x4  
  100  11:59  Disruptor  
  100  12:03  Disruptor  
  89  12:14  Stalker x6  
  95  12:17  Probe (Chrono Boost)  
  78  12:37  Stalker x4  
  78  12:40  Probe x2 (Chrono Boost)  
  82  12:45  Zealot x2  
Show
View Real Time Build Order
Export as new Build Order

MaNa Protoss - Winner!

Build Orders:  

Get SALT Encoding   

  12  0:00  Probe (Chrono Boost)  
  13  0:11  Probe (Chrono Boost)  
  14  0:16  Pylon  
  14  0:22  Probe (Chrono Boost)  
  15  0:35  Probe (Chrono Boost)  
  16  0:36  Gateway  
  16  0:45  Probe (Chrono Boost)  
  16  0:47  Assimilator  
  17  0:56  Probe (Chrono Boost)  
  18  0:57  Assimilator  
  18  1:04  Gateway  
  18  1:07  Probe (Chrono Boost)  
  19  1:18  Probe (Chrono Boost)  
  20  1:23  Cybernetics Core  
  20  1:28  Probe (Chrono Boost)  
  21  1:33  Pylon  
  21  1:39  Probe (Chrono Boost)  
  22  1:47  Warp Gate  
  22  1:49  Probe (Chrono Boost)  
  23  2:01  Mothership Core (Chrono Boost)  
  25  2:08  Stalker  
  25  2:10  Stalker  
  29  2:18  Pylon  
  29  2:22  Probe (Chrono Boost)  
  30  2:34  Probe (Chrono Boost)  
  31  2:39  Stalker  
  31  2:40  Stalker  
  35  2:51  Probe (Chrono Boost)  
  35  3:09  Nexus  
  35  3:14  Pylon  
  35  3:20  Sentry  
  35  3:21  Sentry  
  39  3:33  Robotics Facility  
  39  3:37  Probe (Chrono Boost)  
  40  3:47  Probe (Chrono Boost)  
  41  3:58  Probe (Chrono Boost)  
  41  4:01  Twilight Council  
  42  4:08  Probe (Chrono Boost)  
  43  4:18  Warp Prism  
  43  4:20  Probe (Chrono Boost)  
  46  4:24  Probe (Chrono Boost)  
  48  4:32  Probe (Chrono Boost)  
  48  4:35  Probe (Chrono Boost)  
  48  4:36  Assimilator  
  48  4:37  Blink  
  49  4:44  Probe (Chrono Boost)  
  50  4:46  Pylon, Probe (Chrono Boost)  
  50  4:51  Adept x2  
  50  4:52  Observer  
  55  4:57  Probe (Chrono Boost)  
  55  4:58  Probe (Chrono Boost)  
  58  5:07  Probe (Chrono Boost)  
  58  5:08  Immortal  
  58  5:10  Probe (Chrono Boost)  
  64  5:18  Probe (Chrono Boost)  
  66  5:22  Sentry x2  
  66  5:23  Probe (Chrono Boost)  
  70  5:30  Pylon  
  70  5:37  Assimilator  
  70  5:43  Immortal  
  70  5:48  Probe (Chrono Boost)  
  76  5:50  Probe (Chrono Boost)  
  76  5:51  Pylon  
  76  5:59  Probe (Chrono Boost)  
  76  6:02  Probe (Chrono Boost)  
  76  6:03  Gateway  
  78  6:07  Gateway  
  78  6:16  Nexus  
  78  6:17  Immortal  
  82  6:28  Robotics Bay  
  82  6:33  Pylon, Gateway  
  82  6:35  Gateway  
  82  6:44  Stalker x2  
  86  6:51  Probe (Chrono Boost)  
  86  6:53  Probe (Chrono Boost)  
  88  6:55  Pylon  
  88  7:00  Robotics Facility  
  88  7:13  Stalker  
  88  7:14  Stalker x3  
  98  7:15  Probe (Chrono Boost)  
  98  7:16  Disruptor  
  98  7:17  Probe (Chrono Boost)  
  101  7:39  Stalker  
  91  7:53  Disruptor, Stalker x5  
  72  8:16  Stalker x4  
  80  8:20  Probe (Chrono Boost)  
  80  8:21  Probe (Chrono Boost)  
  80  8:25  Warp Prism  
  76  8:27  Disruptor  
  76  8:29  Probe (Chrono Boost)  
  76  8:30  Probe (Chrono Boost)  
  76  8:32  Stalker  
  76  8:33  Probe (Chrono Boost)  
  86  8:35  Assimilator  
  86  8:36  Stalker  
  86  8:37  Assimilator  
  86  8:40  Probe (Chrono Boost)  
  86  8:41  Probe (Chrono Boost)  
  90  8:45  Probe (Chrono Boost)  
  91  8:56  Warp Prism  
  91  9:02  Stalker x3, Forge  
  97  9:05  Disruptor  
  101  9:27  Disruptor  
  92  9:31  Stalker x2  
  92  9:32  Stalker x3  
  105  9:41  Protoss Ground Weapons Level 1, Probe (Chrono Boost)  
  105  9:42  Probe (Chrono Boost)  
  107  9:46  Gravitic Drive  
  107  9:55  Nexus  
  107  10:03  Stalker x2  
  107  10:04  Stalker x2  
  115  10:11  Pylon  
  115  10:12  Pylon  
  115  10:16  Adept  
  115  10:17  Adept  
  115  10:33  Adept x3  
  118  10:37  Disruptor  
  118  10:41  Probe (Chrono Boost)  
  123  10:43  Probe (Chrono Boost)  
  110  10:57  Disruptor  
  101  11:18  Disruptor  
  100  11:27  Stalker x6  
  100  11:32  Disruptor, Probe (Chrono Boost)  
  114  11:34  Probe (Chrono Boost)  
  117  11:49  Disruptor  
  117  11:55  Stalker x5  
  117  11:56  Stalker  
  117  11:57  Probe (Chrono Boost)  
  117  11:58  Probe (Chrono Boost)  
  117  11:59  Probe (Chrono Boost)  
  133  12:08  Disruptor  
  122  12:23  Stalker x3  
  122  12:24  Stalker x3  
  124  12:35  Probe (Chrono Boost)  
  124  12:36  Assimilator  
  124  12:37  Assimilator, Probe (Chrono Boost)  

Tags
 
Add a new tag
Caveats
  • Supply blocks, unpowered buildings, or Contaminate may cause inaccurate times.
  • Supply counts are checked every 10 seconds.